Map: Prion Terraces

Players

MieroFiber

  • Race: Terran Terran
  • League: Grandmaster

State - Winner!

  • Race: Protoss Protoss
  • League: Grandmaster

VOD

Have the link to the VOD?

Description

Time

  • Played on: Nov. 25, 2015, 3:23 a.m.
  • Length: 8:42
Show
View Real Time Build Order
Export as new Build Order

MieroFiber Terran 

Build Orders: MMM Bio 

Get SALT Encoding   

  12  0:01  SCV  
  13  0:13  SCV  
  14  0:17  Supply Depot  
  14  0:25  SCV  
  15  0:39  SCV  
  15  0:41  Barracks  
  16  0:44  Refinery  
  16  0:51  SCV  
  17  1:03  SCV  
  18  1:15  SCV  
  19  1:27  Orbital Command  
  19  1:28  Marine  
  20  1:42  Command Center  
  20  1:48  Barracks Reactor  
  20  1:53  SCV  
  21  2:05  SCV  
  21  2:07  Factory  
  22  2:12  Supply Depot  
  22  2:17  SCV  
  22  2:19  Refinery  
  23  2:32  Bunker  
  23  2:33  Marine x2  
  23  2:34  SCV  
  26  2:46  SCV  
  27  2:51  Factory Tech Lab, Marine x2  
  27  2:54  Orbital Command  
  29  2:59  SCV  
  30  3:11  SCV, Mag-Field Accelerator  
  31  3:15  Cyclone, Marine x2  
  36  3:23  SCV x2  
  38  3:32  Marine x2  
  38  3:33  Supply Depot  
  40  3:37  SCV x2  
  42  3:48  Cyclone  
  45  3:49  SCV  
  45  3:54  SCV  
  47  3:56  Supply Depot  
  47  3:58  Marine x2  
  47  4:02  Supply Depot  
  49  4:05  SCV  
  49  4:07  SCV  
  51  4:11  Supply Depot  
  51  4:17  SCV  
  52  4:18  Marine x2  
  52  4:19  SCV  
  52  4:22  Barracks x2  
  55  4:29  SCV  
  55  4:31  SCV  
  57  4:40  Factory Reactor  
  57  4:41  Supply Depot, SCV  
  57  4:43  SCV  
  58  4:47  Supply Depot  
  58  4:50  Marine  
  58  4:51  Stimpack  
  59  4:54  SCV  
  59  4:55  SCV  
  61  5:00  Barracks  
  61  5:02  Refinery, Barracks  
  61  5:04  Refinery  
  61  5:05  Engineering Bay  
  61  5:06  Supply Depot  
  61  5:11  Barracks Tech Lab  
  61  5:18  Supply Depot  
  61  5:23  Factory Reactor, Marine x2  
  61  5:24  Starport, Marauder  
  61  5:27  Starport  
  65  5:30  Combat Shields  
  65  5:31  Marauder  
  67  5:36  SCV  
  67  5:37  SCV  
  67  5:39  Terran Infantry Weapons Level 1  
  69  5:49  SCV x2  
  71  5:52  Barracks Tech Lab, Marine x2  
  71  5:53  Marauder  
  71  5:54  Barracks Reactor  
  71  5:55  Supply Depot  
  75  5:59  Marauder  
  77  6:07  Medivac x2  
  81  6:17  Command Center  
  81  6:19  SCV  
  81  6:25  Marine x2  
  84  6:26  Marauder x3  
  90  6:33  Missile Turret  
  90  6:35  Missile Turret  
  90  6:40  Widow Mine x2  
  90  6:42  Medivac  
  90  6:45  Medivac  
  98  6:47  Marauder  
  98  6:53  Marine x2  
  102  6:54  Missile Turret  
  102  7:00  Supply Depot  
  102  7:04  Armory, Marine  
  103  7:09  Engineering Bay  
  103  7:14  Widow Mine x2  
  107  7:22  Supply Depot  
  103  7:30  Marine x2, Marauder  
  101  7:40  Marauder x2  
  97  7:53  Factory Reactor  
  97  7:55  Marauder  
  97  7:58  Marine x2  
  92  8:01  Marauder  
  92  8:07  Orbital Command  
  89  8:19  Marauder, Marine x2  
  78  8:21  Marauder  
Show
View Real Time Build Order
Export as new Build Order

State Protoss - Winner!

Build Orders: 1 Gate Expand 

Get SALT Encoding   

  12  0:01  Probe (Chrono Boost)  
  13  0:12  Probe (Chrono Boost)  
  14  0:18  Pylon  
  14  0:22  Probe (Chrono Boost)  
  15  0:36  Probe (Chrono Boost)  
  15  0:38  Gateway  
  15  0:42  Assimilator  
  16  0:47  Probe (Chrono Boost)  
  17  0:58  Probe (Chrono Boost)  
  18  1:08  Probe (Chrono Boost)  
  19  1:20  Nexus  
  19  1:22  Probe (Chrono Boost)  
  20  1:31  Cybernetics Core  
  20  1:34  Probe (Chrono Boost)  
  20  1:39  Assimilator  
  21  1:45  Probe (Chrono Boost)  
  22  1:49  Pylon  
  22  1:55  Probe (Chrono Boost)  
  23  2:07  Probe (Chrono Boost)  
  24  2:11  Adept  
  25  2:16  Warp Gate  
  25  2:18  Mothership Core (Chrono Boost)  
  27  2:32  Probe (Chrono Boost)  
  27  2:36  Probe (Chrono Boost)  
  29  2:39  Robotics Facility  
  29  2:40  Adept  
  29  2:43  Probe (Chrono Boost)  
  32  2:47  Probe (Chrono Boost)  
  33  2:53  Probe (Chrono Boost)  
  33  2:58  Probe (Chrono Boost)  
  35  3:03  Gateway  
  35  3:04  Probe (Chrono Boost)  
  36  3:08  Gateway  
  36  3:10  Probe (Chrono Boost)  
  37  3:14  Probe (Chrono Boost)  
  38  3:21  Probe (Chrono Boost)  
  38  3:25  Warp Prism (Chrono Boost)  
  41  3:27  Adept  
  41  3:31  Probe (Chrono Boost)  
  41  3:33  Probe (Chrono Boost)  
  45  3:38  Pylon  
  45  3:43  Probe  
  45  3:46  Twilight Council  
  46  3:51  Pylon  
  46  3:56  Probe x2 (Chrono Boost)  
  48  4:04  Assimilator  
  48  4:06  Assimilator  
  48  4:07  Pylon  
  48  4:09  Observer  
  49  4:13  Probe (Chrono Boost)  
  49  4:14  Probe (Chrono Boost)  
  53  4:24  Probe x2 (Chrono Boost)  
  53  4:25  Adept x3  
  53  4:30  Observer  
  60  4:36  Probe (Chrono Boost)  
  60  4:38  Probe (Chrono Boost), Dark Shrine  
  62  4:39  Blink  
  54  4:46  Probe (Chrono Boost)  
  54  4:48  Probe (Chrono Boost)  
  54  4:51  Warp Prism (Chrono Boost)  
  56  5:00  Robotics Bay  
  56  5:01  Forge  
  56  5:03  Probe (Chrono Boost)  
  56  5:04  Probe (Chrono Boost)  
  58  5:11  Sentry  
  60  5:17  Gateway  
  60  5:24  Pylon  
  60  5:37  Stalker, Protoss Ground Armor Level 1 (Chrono Boost)  
  60  5:38  Stalker x2  
  67  5:54  Gateway  
  67  5:56  Immortal (Chrono Boost)  
  70  6:01  Gateway x2  
  70  6:03  Dark Templar, Pylon  
  72  6:04  Dark Templar  
  74  6:15  Dark Templar  
  76  6:25  Pylon  
  76  6:29  Pylon  
  76  6:30  Colossus (Chrono Boost)  
  82  6:47  Adept x3  
  84  6:50  Nexus  
  84  6:53  Pylon  
  88  6:55  Extended Thermal Lance  
  88  7:02  Pylon x2  
  88  7:13  Stalker x3  
  88  7:30  Mothership Core  
  90  7:39  Probe  
  87  7:44  Stalker x5  
  87  7:51  Probe  
  98  7:52  Warp Prism  
  96  7:59  Stalker x2  
  96  8:00  Probe  
  96  8:03  Probe  
  102  8:07  Probe  
  102  8:12  Probe  
  102  8:15  Probe  
  102  8:18  Probe  
  94  8:24  Probe  
  93  8:27  Probe  
  93  8:28  Probe  
Tags
 
Add a new tag
Caveats
  • Supply blocks, unpowered buildings, or Contaminate may cause inaccurate times.
  • Supply counts are checked every 10 seconds.